 Dungeon Crawl Stone Soup version 0.22-a0-284-g99d1f74 (webtiles) character file.

42 Amnesiac the Ducker (level 3, -5/19 HPs)
             Began as a Spriggan Fighter on Mar 21, 2018.
             Killed by divine providence
             ... invoked by an orc priest
              (10 damage)
             ... on level 3 of the Dungeon.
             The game lasted 00:00:50 (407 turns).

Amnesiac the Ducker (Spriggan Fighter)               Turns: 407, Time: 00:00:52

Health: -5/19      AC:  2    Str: 18    XL:     3   Next: 33%
Magic:  4/4        EV: 19    Int:  9    God:
Gold:   6          SH:  6    Dex: 15    Spells: 2/2 levels left

rFire    . . .     SeeInvis +   a - +0 long sword
rCold    . . .     Gourm    .   c - +0 buckler
rNeg     . . .     Faith    .   b - +0 robe
rPois    .         Spirit   .   (helmet restricted)
rElec    .         Reflect  .   (no cloak)
rCorr    .         Harm     .   (gloves unavailable)
MR       .....                  (boots unavailable)
Stlth    +.........             (no amulet)
HPRegen  0.06/turn              (no ring)
MPRegen  0.09/turn              (no ring)

@: mighty, very quick
A: very small, unfitting armour, see invisible, herbivore, speed 3, slow
metabolism 2
a: no special abilities


You were on level 3 of the Dungeon.
You were not hungry.

You visited 1 branch of the dungeon, and saw 3 of its levels.

You collected 6 gold pieces.

Inventory:

Hand Weapons
 a - a +0 long sword (weapon)
Armour
 b - a +0 robe (worn)
 c - a +0 buckler (worn)
Scrolls
 g - a scroll of blinking {!r, unknown}
Potions
 d - 2 potions of might {!q}
Comestibles
 f - 3 rations


   Skills:
 + Level 2.7 Fighting
 * Level 2.3 Long Blades
 + Level 4.9 Dodging
 + Level 2.4 Shields


You had 2 spell levels left.
You didn't know any spells.

Dungeon Overview and Level Annotations

Branches:
Dungeon (3/15)

Altars:
The Shining One


Innate Abilities, Weirdness & Mutations

You are very small and have problems with some larger weapons.
You are too small for most types of armour.
You have supernaturally acute eyesight. (SInv)
You are a herbivore.
You cover ground extremely quickly.
You need to consume almost no food.


Message History

The goblin shouts!
The ball python hisses angrily.
A kobold comes into view.
Found 2 potions of might.
You hit the ball python.
You kill the ball python!
You see here 2 potions of might {!q}.
d - 3 potions of might {!q} (gained 2)
An orc comes into view. It is wielding a hand axe.
The goblin closely misses you.
You closely miss the goblin. The goblin barely misses you.
You riposte.
The orc shouts!
An orc wizard comes into view. It is wielding a mace.
The orc wizard shouts!
You hit the goblin but do no damage.
You hear a shout! x2
You barely miss the goblin. The goblin barely misses you.
You riposte.
You slash the goblin!
You kill the goblin!
You see here a goblin corpse.
An orc priest comes into view. It is wielding a dagger.
The orc priest shouts!
You miss the orc wizard. You block the orc wizard's attack.
You barely miss the orc wizard. The orc wizard closely misses you.
The orc priest invokes the aid of Beogh against you.
Beogh smites you!
Ouch! That really hurt!
* * * LOW HITPOINT WARNING * * *
Really quaff
e - 2 purple potions {!q}?
It was a potion of curing {!q}.
You feel better.
The orc wizard points at you and mumbles some strange words.
The puff of flame hits you!
* * * LOW HITPOINT WARNING * * *
Really quaff
d - 3 potions of might {!q}?
You feel very mighty all of a sudden. The orc wizard misses you.
You riposte.
You slash the orc wizard!
The orc wizard is almost dead.
Really quaff
e - a potion of curing {!q}?
You feel better. The orc wizard misses you.
The orc priest looks braver for a moment.
Your shield prevents you from hitting the orc wizard.
The orc wizard is almost dead.
You block the orc wizard's attack.
You closely miss the orc wizard.
The orc wizard is almost dead.
The orc wizard closely misses you.
The orc priest invokes the aid of Beogh against you.
Beogh smites you!
Ouch! That really hurt!
* * * LOW HITPOINT WARNING * * *
You hit the orc wizard.
You kill the orc wizard!
You have reached level 3!
Your experience leads to an increase in your attributes!
Your base attributes are Str 12, Int 9, Dex 15.
Increase (S)trength, (I)ntelligence, or (D)exterity?
You feel stronger.
You slice the orc!!
You kill the orc!
You barely miss the orc priest. The orc priest hits you with a dagger.
* * * LOW HITPOINT WARNING * * *
The orc priest invokes the aid of Beogh against you.
Beogh smites you!
Ouch! That really hurt!
You die...

#.# #..# #.#
..# #.# ..#
#.# #.#####..
#.####........
#..†.<.#
######.# #o#
#@# #†# #.#
#.# #.#
#.####...
#......#
###......
.#....


You could see an orc priest.

Vanquished Creatures
  An orc wizard (D:3)
  A worm (D:2)
  A leopard gecko (D:1)
  An orc (D:3)
  A giant cockroach (D:3)
  2 goblins
  A hobgoblin (D:2)
  2 kobolds (D:2)
  A quokka (D:3)
  A ball python (D:3)
  A bat (D:1)
  A rat (D:1)
14 creatures vanquished.

Notes
Turn   | Place    | Note
-------+----------+-------------------------------------------
     0 | D:1      | Amnesiac the Spriggan Fighter began the quest for the Orb.
     0 | D:1      | Reached XP level 1. HP: 11/11 MP: 2/2
   136 | D:2      | Found a glowing golden altar of the Shining One.
   338 | D:2      | Reached XP level 2. HP: 16/16 MP: 3/3
   405 | D:3      | Reached XP level 3. HP: 5/19 MP: 4/4
   407 | D:3      | Killed from afar by an orc priest

Vault maps used:
D:1:      dpeg_arrival_orchard
D:2:      minmay_wonky_spiral, nicolae_tso_swordbearing_angel,
          grunt_temple_overflow_open, first_ration, minmay_misc_feat_rows,
          minmay_box_of_dots, uniq_terence, uniq_crazy_yiuf_cottage
D:3:      chequers_ecumenical_altar_simple

Skill      XL: |  1  2 |
---------------+-------+-----
Long Blades    | 2 |  2.3
Fighting       | |  2.7
Dodging        | |  4.9
Shields        | |  2.4

Action                   || total
-------------------------++-------
Melee: Long sword        ||    35
  Use: Potion            ||     3
Armor: Robe              ||     2
Dodge: Dodged            ||    23
Block: Buckler           ||     4
       Rpst.: Long sword ||     9

Table legend:
 A = Spawn XP
 B = Non-spawn XP
 C = Spawn XP percentage of total XP
 D = Spawn monster count
 E = Non-spawn monster count
 F = Spawn count percentage of total count
 G = Total turns spent on level
                    A         B        C        D         E        F      G
               +---------+---------+-------+---------+---------+-------+---------
         Total |       0 |      60 |   0.0 |       0 |      14 |   0.0 |   407
               +---------+---------+-------+---------+---------+-------+---------
           D:1 |       0 |       5 |   0.0 |       0 |       3 |   0.0 |    30
           D:2 |       0 |      12 |   0.0 |       0 |       5 |   0.0 |   330
           D:3 |       0 |      43 |   0.0 |       0 |       6 |   0.0 |    47
               +---------+---------+-------+---------+---------+-------+---------
